 Dungeon Crawl Stone Soup version 0.29-a0-1047-g7c58e119a4 (webtiles) character file.

Game seed: 665503337837724684

10886 tilp the Purveyor of Pain (level 11, -7/89 HPs)
             Began as a Mummy Necromancer on Aug 16, 2022.
             Was an Initiate of Kikubaaqudgha.
             Mangled by a small abomination (14 damage)
             ... on level 2 of the Abyss.
             The game lasted 00:33:22 (13778 turns).

tilp the Purveyor of Pain (Mummy Necromancer)      Turns: 13778, Time: 00:33:23

Health: -7/89      AC: 13    Str:  6    XL:     11   Next: 42%
Magic:  19/33      EV: 13    Int: 21    God:    Kikubaaqudgha [......]
Gold:   467        SH:  0    Dex: 11    Spells: 16/28 levels left

rFire   x . .      SeeInvis .   a - +3 sling (freeze)
rCold   + . .      Faith    .   (no shield)
rNeg    + + +      Spirit   .   i - +2 robe of the Playwright {Will+ Int+3 Archmagi}
rPois   ∞          Reflect  .   (no helmet)
rElec   .          Harm     .   D - +1 cloak
rCorr   .          Rampage  .   q - +2 pair of gloves
Will    ++...      Archmagi +   (no boots)
Stlth   ++........              c - amulet of the acrobat
HPRegen 0.24/turn               f - ring of Ariytz {+Blink rPois MP+9 Str-5 Dex-3}
MPRegen 0.23/turn               d - +4 ring of protection

@: about to teleport, animating dead
A: cold resistance 1, negative energy resistance 3, torment resistance 2, heat
vulnerability 1, in touch with death 1, no potions
a: Renounce Religion, Evoke Blink


You were on level 2 of the Abyss.
You worshipped Kikubaaqudgha.
Kikubaaqudgha was noncommittal.
You visited 2 branches of the dungeon, and saw 12 of its levels.
You visited the Abyss 1 time.
You also visited: Sewer.

You collected 752 gold pieces.
You spent 285 gold pieces at shops.

Inventory:

Hand Weapons
 a - a +3 sling of freezing (weapon)
 b - a +0 whip of electrocution
 y - the +3 mace of Magnificence {vorpal, Drain rElec Dex+4}
   (You took it off an orc on level 5 of the Dungeon)

   It inflicts extra damage upon your enemies.
   Dex:       It affects your dexterity (+4).
   rElec:     It insulates you from electricity.
   Drain:     It drains your maximum health when unequipped.
Missiles
 h - 17 poisoned darts
 n - 88 stones
 x - 3 atropa-tipped darts
 z - 9 boomerangs
 E - a curare-tipped dart
 F - a throwing net
Armour
 i - the +2 robe of the Playwright (worn) {Will+ Int+3 Archmagi}
   (You found it on level 2 of the Dungeon)

   Int:       It affects your intelligence (+3).
   Archmagi:  It increases the power of your magical spells.
   Will:      It increases your willpower.
 q - a +2 pair of gloves (worn)
 s - a +2 ring mail of fire resistance
 D - a +1 cloak (worn)
Jewellery
 c - an amulet of the acrobat (around neck)
 d - a +4 ring of protection (right hand)
 f - the ring of Ariytz (left hand) {+Blink rPois MP+9 Str-5 Dex-3}
   (You found it on level 2 of the Dungeon)

   [ring of magical power]

   Str:       It affects your strength (-5).
   Dex:       It affects your dexterity (-3).
   rPois:     It protects you from poison.
   MP:        It affects your magic capacity (+9).
   +Blink:    It lets you blink.
 t - the ring "Ozezup" {Will- MP+9 Str-3 Int+9 Stlth+}
   (You took it off a kobold on level 4 of the Dungeon)

   [ring of magical power]

   Str:       It affects your strength (-3).
   Int:       It affects your intelligence (+9).
   MP:        It affects your magic capacity (+9).
   Will:      It decreases your willpower.
   Stlth:     It makes you more stealthy.
 C - a +4 ring of protection
Wands
 r - a wand of charming (8)
 A - a wand of iceblast (1)
 B - a wand of quicksilver (3)
 G - a wand of flame (11)
Scrolls
 e - 3 scrolls of enchant weapon
 g - a scroll of brand weapon
 j - a scroll of teleportation
 k - 2 scrolls of amnesia
 l - 4 scrolls of fog
 m - 2 scrolls of silence
 o - 4 scrolls of blinking
 p - 2 scrolls of torment
 u - 5 scrolls of vulnerability
 v - 3 scrolls of magic mapping
 w - a scroll of fear
 H - 2 scrolls of identify
 I - a scroll of immolation {unknown}


   Skills:
 - Level 9.0 Fighting
 - Level 2.0 Armour
 - Level 4.0 Dodging
 - Level 2.0 Stealth
 - Level 9.0 Spellcasting
 * Level 4.0 Hexes
 - Level 12.0 Necromancy
 - Level 4.0 Evocations


You had 16 spell levels left.
You knew the following spells:

 Your Spells              Type           Power      Damage    Failure   Level
a - Necrotise             Necr           100%       1d9       1%          1
b - Vampiric Draining     Necr           94%        2d12      1%          3
c - Animate Dead          Necr           94%        N/A       1%          4
d - Anguish               Hex/Necr       38%        N/A       2%          4

Your spell library contained the following spells:

 Spells                   Type           Power      Damage    Failure   Level
 Agony                    Necr           94%        N/A       1%          5
 Magic Dart               Conj           56%        1d5       7%          1
 Poisonous Vapours        Pois/Air       28%        N/A       11%         2
 Gell's Gravitas          Tloc           14%        N/A       22%         3
 Lesser Beckoning         Tloc           14%        N/A       22%         3
 Teleport Other           Tloc           14%        N/A       22%         3
 Animate Armour           Summ/Erth      28%        N/A       56%         4
 Fireball                 Conj/Fire      7%         3d5       89%         5
 Iskenderun's Battlesphe  Conj           14%        2d7       89%         5
 Conjure Ball Lightning   Conj/Air       7%         3x3d6     100%        6
 Iron Shot                Conj/Erth      7%         9d2       100%        6
 Starburst                Conj/Fire      7%         6d4       100%        6
 Orb of Destruction       Conj           7%         9d6       100%        7
 Blade Hands              Tmut           Unusable   N/A       N/A         5

Dungeon Overview and Level Annotations

Branches:
Dungeon (11/15)            Temple (1/1) D:4            Lair (0/5) D:11
  Sewer (visited)
    Orc: D:9-12

Altars:
Ashenzari
Cheibriados
Dithmenos
Fedhas
Gozag
Hepliaklqana
Kikubaaqudgha
Makhleb
Nemelex Xobeh
Okawaru
Qazlal
Ru
Sif Muna
Trog
Uskayaw
Vehumet
Wu Jian
Xom
Yredelemnul

Shops:
D:2 ?   D:5 ?   D:11 :

Annotations:
D:4 Grinder
D:7 1 runed translucent door, Crazy Yiuf
D:8 exclusion: meliai
D:9 3 runed translucent doors, DrBigBum's ghost, novice BaFi; Killmatronix's ghost, novice SpBe; QuickerDeath's ghost, novice NaHW; QuickerDeath's ghost, novice SpHu; leavemydog's ghost, journeyman MiFi
D:11 Erica


Innate Abilities, Weirdness & Mutations

You are immune to poison.
Your flesh is cold resistant. (rC+)
You are immune to negative energy. (rN+++)
You are immune to unholy pain and torment.
You are vulnerable to heat. (rF-)
You are in touch with the powers of death.
You do not drink.


Message History

Unknown command.
Casting: Anguish (dangerous; 2% risk of failure)
Confirm with . or Enter, or press ? or * to list all spells.
You can't see any susceptible monsters within range! (Use Z to cast anyway.) Unknown command.
Unknown command.
You can't see any enemies this would affect, really read the scroll of fear?
Okay, then.
Casting: Anguish (dangerous; 2% risk of failure)
Confirm with . or Enter, or press ? or * to list all spells.
You can't see any susceptible monsters within range! (Use Z to cast anyway.)
Aiming: Quicksilver Bolt
Press: ? - help, Shift-Dir - straight line, f - small abomination
Aim: a small abomination (74% to hit)
The bolt of dispelling energy misses the small abomination.
The small abomination barely misses you. x3
Unknown command.
Unknown command.
Unknown command.
Aiming: Quicksilver Bolt
Press: ? - help, Shift-Dir - straight line, f/p - small abomination
Aim: a small abomination (74% to hit)
The bolt of dispelling energy hits the small abomination!!
The small abomination is severely damaged.
The shadow demon gives a loud, deep croak!
The small abomination hits you!
* * * LOW HITPOINT WARNING * * *
The small abomination hits you!
* * * LOW HITPOINT WARNING * * *
Unknown command.
Unknown command.
Unknown command.
Aiming: Quicksilver Bolt
Press: ? - help, Shift-Dir - straight line, f/p - small abomination
Aim: a small abomination (severely damaged, 74% to hit)
The bolt of dispelling energy misses the small abomination.
The small abomination barely misses you.
The small abomination hits you!
You die...
Kikubaaqudgha rasps: "You have failed me!
Welcome... oblivion!"

### #...#.##
...#
##..#....#.. .
####...#.#...
###.#.2.....#
#....#....
.....
####.X..##...##
#..x.#. ..#..
###x####.## ##
#@## # ##x.#
3...# #.#.# #.
# .. ##


You could see a shadow demon, a large abomination (summoned), a smoke demon
(anguished) and 3 small abominations.

Vanquished Creatures
  A two-headed ogre (D:9)
  Pikel (D:7)
  A deep elf pyromancer (D:11)
  A cyclops (D:9)
  Maggie (D:8)
  A kobold demonologist (D:11)
  A hornet (D:9)
  2 trolls
  Sigmund (D:4)
  A wyvern (D:9)
  6 yaks (D:9)
  A shadow (D:10)
  2 acid dragons
  A sky beast (D:7)
  2 black bears
  2 ice beasts
  5 orc warriors
  A centaur (D:8)
  2 ogres (D:5)
  2 kobold brigands
  4 bullfrogs
  2 necrophages
  2 scorpions (D:6)
  12 wights
  11 killer bees (D:9)
  An electric eel (D:8)
  A howler monkey (D:9)
  4 orc priests
  4 hounds
  3 jellies
  6 iguanas
  Ijyb (D:4)
  8 orc wizards
  4 gnolls (D:3)
  8 adders
  A river rat (D:5)
  A white imp (D:7)
  3 dart slugs
  30 orcs
  16 ball pythons
  17 endoplasms
  14 giant cockroaches
  8 goblins
  9 hobgoblins
  12 kobolds
  5 quokkas
  10 frilled lizards
  8 rats
240 creatures vanquished.

Vanquished Creatures (collateral kills)
  A wizard (Abyss:2)
  A flying skull (Abyss:2)
  A centaur (D:9)
  A killer bee (D:9)
  A quasit (Abyss:2)
  A bat (D:1)
  An endoplasm (D:1)
  A ball python (D:1)
  3 frilled lizards
11 creatures vanquished.

Vanquished Creatures (others)
  A demonspawn warmonger (Abyss:2)
  An ironbound preserver (Abyss:2)
  A stone giant (Abyss:2)
  A spriggan berserker (Abyss:2)
  A sea snake (shapeshifter) (Abyss:2)
  2 worldbinders (Abyss:2)
  A demonspawn zombie (Abyss:2)
  A smoke demon (Abyss:2)
  A komodo dragon (D:10)
  A human zombie (Abyss:2)
  A yak (D:9)
  A wyvern (D:10)
  A wyvern zombie (D:10)
  A killer bee zombie (D:9)
15 creatures vanquished.

Grand Total: 266 creatures vanquished

Notes
Turn   | Place    | Note
-------+----------+-------------------------------------------
     0 | D:1      | tilp the Mummy Necromancer began the quest for the Orb.
     0 | D:1      | Reached XP level 1. HP: 13/13 MP: 4/4
    68 | D:1      | Found Wonat's Distillery.
   308 | D:1      | Reached XP level 2. HP: 20/20 MP: 3/5
   353 | D:1      | Found a faded altar of an unknown god.
   612 | D:1      | Reached skill level 1 in Fighting
   962 | D:1      | Gained mutation: You are in touch with the powers of death.
                  | [Mummy growth]
   962 | D:1      | Reached XP level 3. HP: 26/26 MP: 3/7
  1126 | D:1      | Learned a level 3 spell: Vampiric Draining
  1155 | D:2      | Identified the +2 robe of the Playwright {Will+ Int+3
                  | Archmagi}
  1179 | D:2      | Identified the ring of Ariytz {+Blink rPois MP+9 Str-5
                  | Dex-3}
  1666 | D:2      | Found Zafeaff's Magic Scroll Emporium.
  1832 | D:2      | Found an iron altar of Okawaru.
  2353 | D:2      | Bought a scroll of enchant armour for 82 gold pieces
  2353 | D:2      | Bought a scroll of identify for 22 gold pieces
  2353 | D:2      | Bought a scroll of identify for 22 gold pieces
  2353 | D:2      | Bought a scroll of identify for 22 gold pieces
  2353 | D:2      | Bought a scroll of identify for 22 gold pieces
  2510 | D:2      | Bought a scroll of teleportation for 33 gold pieces
  2744 | D:3      | Reached XP level 4. HP: 33/33 MP: 8/8
  2881 | D:3      | Reached skill level 5 in Necromancy
  3359 | D:3      | Found a sacrificial altar of Ru.
  3742 | D:3      | Learned a level 4 spell: Animate Dead
  3759 | D:4      | Reached XP level 5. HP: 38/38 MP: 9/9
  3793 | D:4      | Noticed Grinder
  3880 | D:4      | Noticed Sigmund
  3889 | D:4      | Killed Sigmund
  3890 | D:4      | Reached skill level 6 in Necromancy
  3890 | D:4      | Reached XP level 6. HP: 42/46 MP: 3/10
  4097 | D:4      | Noticed Ijyb
  4106 | D:4      | Killed Ijyb
  4111 | D:4      | Identified the ring "Ozezup" {Will- MP+9 Str-3 Int+9
                  | Stlth+}
  4404 | D:4      | Found a staircase to the Ecumenical Temple.
  4537 | Temple   | Entered the Ecumenical Temple
  4837 | D:5      | Entered Level 5 of the Dungeon
  4843 | D:5      | Reached XP level 7. HP: 53/53 MP: 12/12
  4937 | D:5      | Found a glowing drain.
  4953 | Sewer    | Entered a sewer
  5236 | Sewer    | Reached skill level 7 in Necromancy
  5579 | D:4      | Paralysed by Grinder for 3 turns
  5643 | D:2      | Bought a scroll of magic mapping for 82 gold pieces
  5931 | D:5      | Found a radiant altar of Vehumet.
  5937 | D:5      | Found a bloodstained altar of Trog.
  5942 | D:5      | Found a hazy altar of Hepliaklqana.
  6222 | D:5      | Identified the +3 mace of Magnificence {vorpal, Drain rElec
                  | Dex+4}
  6231 | D:5      | Reached XP level 8. HP: 60/60 MP: 15/15
  6235 | D:5      | Found Mog Haew's Magic Scroll Shoppe.
  6256 | D:5      | Reached skill level 5 in Spellcasting
  6256 | D:5      | Reached skill level 8 in Necromancy
  7140 | D:6      | Reached skill level 1 in Evocations
  7555 | D:7      | Reached skill level 5 in Fighting
  7623 | D:7      | Noticed Pikel
  7698 | D:7      | Killed Pikel
  7699 | D:7      | Reached XP level 9. HP: 52/68 MP: 16/17
  7812 | D:7      | Reached skill level 9 in Necromancy
  7991 | D:7      | Found a runed translucent door.
  7992 | D:7      | Noticed Crazy Yiuf
  8067 | D:7      | Found a sparkling altar of Nemelex Xobeh.
  8074 | D:7      | Found a broken altar of Ashenzari.
  8172 | D:7      | Found an opulent altar of Gozag.
  8245 | D:7      | Noticed a troll
  8255 | D:7      | Killed a troll
  8854 | D:8      | Found a shimmering altar of Xom.
  9048 | D:8      | Reached skill level 10 in Necromancy
  9428 | D:8      | Noticed a meliai
  9585 | D:9      | Noticed a troll
  9591 | D:9      | Killed a troll
  9654 | D:9      | Got the Compilation of Blows and Bruises and Weather
  9680 | D:8      | Reached skill level 1 in Armour
  9807 | D:8      | Found an ancient bone altar of Kikubaaqudgha.
  9807 | D:8      | Noticed Maggie
  9815 | D:8      | Killed Maggie
  9816 | D:8      | Reached XP level 10. HP: 77/77 MP: 21/21
  9937 | D:8      | Became a worshipper of Kikubaaqudgha
  9995 | D:9      | Noticed a two-headed ogre
 10330 | D:9      | Noticed a cyclops
 10949 | D:9      | Killed a two-headed ogre
 11127 | D:9      | Killed a cyclops
 11128 | D:9      | Reached skill level 11 in Necromancy
 11790 | D:9      | Reached * piety under Kikubaaqudgha
 11790 | D:9      | Received a gift from Kikubaaqudgha
 11796 | D:9      | Learned a level 4 spell: Anguish
 11808 | D:9      | Found a runed translucent gate.
 11808 | D:9      | Found a runed translucent gate.
 11808 | D:9      | Found a runed translucent gate.
 11809 | D:9      | Noticed Killmatronix's ghost (novice SpBe)
 11809 | D:9      | Noticed leavemydog's ghost (journeyman MiFi)
 11810 | D:9      | Noticed DrBigBum's ghost (novice BaFi)
 11810 | D:9      | Noticed QuickerDeath's ghost (novice NaHW)
 11811 | D:9      | Noticed QuickerDeath's ghost (novice SpHu)
 12053 | D:9      | Reached skill level 1 in Hexes
 12053 | D:9      | Reached XP level 11. HP: 82/87 MP: 23/23
 12254 | D:10     | Entered Level 10 of the Dungeon
 13249 | D:11     | Noticed Erica
 13255 | D:11     | Found Nuqi Xar's Vocational Training.
 13329 | D:11     | Found a staircase to the Lair.
 13387 | D:11     | Noticed a deep elf pyromancer
 13398 | D:11     | Killed a deep elf pyromancer
 13534 | D:11     | Noticed a wizard
 13535 | Abyss:2  | Cast into level 2 of the Abyss (a wizard)
 13623 | Abyss:2  | Noticed a wizard
 13623 | Abyss:2  | Noticed a necromancer
 13626 | Abyss:2  | Noticed a naga warrior
 13629 | Abyss:2  | Killed a wizard
 13630 | Abyss:2  | Noticed a glowing orange brain
 13640 | Abyss:2  | Noticed a bone dragon
 13640 | Abyss:2  | Noticed a death knight
 13640 | Abyss:2  | Noticed a wolf spider
 13640 | Abyss:2  | Noticed a steelbarb worm
 13640 | Abyss:2  | a wolf spider changed into a steelbarb worm
 13648 | Abyss:2  | a steelbarb worm changed into a faun
 13677 | Abyss:2  | Noticed a sea snake
 13677 | Abyss:2  | a glowing shapeshifter changed into a sea snake
 13718 | Abyss:2  | Reached skill level 12 in Necromancy
 13733 | Abyss:2  | Noticed a shadow demon
 13765 | Abyss:2  | Noticed a death knight
 13774 | Abyss:2  | Noticed a large abomination
 13778 | Abyss:2  | Mangled by a small abomination

Illustrated notes

Levels and vault maps discovered:
D:1:      psy_arrival_radial02, layout_basic, shapermc_ecumenical_altar_venn,
          serial_shops, shop_coins
D:2:      layout_basic, basic_altar, serial_shops, nicolae_shop_trees,
          minmay_split_cup_small
D:3:      layout_basic, mainiacjoe_overflow_tiny_flanked
D:4:      layout_rooms, mainiacjoe_overflow_paths,
          minmay_temple_entry_glassed_door, uniq_ijyb, uniq_grinder,
          uniq_sigmund
D:5:      layout_loops_ring, minmay_overflow_temple_star_quad,
          portal_sewer_entry_b, serial_shops, nicolae_take_the_stairs
D:6:      layout_loops_cross
D:7:      layout_rooms, mainiacjoe_overflow_boulevard,
          mainiacjoe_overflow_large_starburst, uniq_crazy_yiuf_cottage,
          uniq_pikel
D:8:      layout_basic, amcnicky_altar_gilded, mainiacjoe_overflow_alcove_4,
          grunt_decor_cap, serial_park_tiny_2, minmay_small_thing, uniq_maggie
D:9:      layout_stronghold, gammafunk_ghost_cemetery, minmay_bent
D:10:     layout_long_grid
D:11:     evilmike_library_of_no_secrets, layout_cross, lair_entry_dummy,
          minmay_misc_feat_iff, nicolae_shop_vocational, uniq_erica
Temple:   nicolae_temple_ecumenical_triangle
Abyss:2:  base: D:6, minivault_23, hangedman_abyss_town,
          spicy_abyss_planar_alliance

Skill      XL: |  1  2  3  4  5  6  7  8  9 10 11 |
---------------+----------------------------------+-----
Fighting       | 1 2 3 4 5 6 8 9 |  9.0
Spellcasting   | 3 4 5 7 8 9 |  9.0
Dodging        | 2 3 4 |  4.0
Stealth        | 2 |  2.0
Necromancy     | 5 6 7 8 10 11 12 | 12.0
Evocations     | 2 3 4 |  4.0
Armour         | 1 2 |  2.0
Hexes          | 1 4 |  4.0

Action                   |  1- 3 |  4- 6 |  7- 9 | 10-12 || total
-------------------------+-------+-------+-------+-------++-------
Melee: Unarmed           |     5 |       |       |       ||     5
       Short sword       |     6 |    24 |     5 |       ||    35
       Mace              |       |       |     6 |       ||     6
       Punch             |       |       |     1 |       ||     1
 Fire: Sling             |       |       |   128 |   112 ||   240
Throw: Stone             |     2 |       |       |       ||     2
       Dart              |       |     2 |       |     1 ||     3
 Cast: Necrotise         |    72 |    50 |   102 |    12 ||   236
       Vampiric Draining |       |    15 |    70 |    79 ||   164
       Animate Dead      |       |       |     1 |     7 ||     8
       Anguish           |       |       |       |    16 ||    16
Invok: Unearth Wretches  |       |       |       |     2 ||     2
Evoke: Wand              |       |       |    18 |    13 ||    31
  Use: Scroll            |     2 |       |     7 |     7 ||    16
Armor: Robe              |     2 |    14 |    49 |    52 ||   117
Dodge: Dodged            |    18 |    30 |    87 |   123 ||   258

Table legend: (Time is in decaauts)
 A = Elapsed time spent in this place.
 B = Non-inter-level travel time spent in this place.
 C = Inter-level travel time spent in this place.
 D = Time resting spent in this place.
 E = Time spent auto-exploring this place.
 F = Levels seen in this place.
 G = Mean time per level.
                   A        B        C        D        E       F      G
               +--------+--------+--------+--------+--------+-----+--------+
         Total |  13952 |  13066 |    886 |   1758 |   8995 |  14 |  996.6 |
       Dungeon |  13005 |  12127 |    878 |   1749 |   8510 |  11 | 1182.3 |
        Temple |     37 |     29 |      8 |      0 |     25 |   1 |   37.0 |
         Abyss |    243 |    243 |      0 |      9 |      0 |   1 |  243.0 |
         Sewer |    666 |    666 |      0 |      0 |    460 |   1 |  666.0 |
               +--------+--------+--------+--------+--------+-----+--------+

Top non-repeatable levels by time:
     D:9: 2056 daAuts
     D:3: 1576 daAuts
     D:8: 1576 daAuts
     D:2: 1376 daAuts
     D:7: 1191 daAuts
     D:1: 1143 daAuts
     D:5: 1136 daAuts
     D:4: 968 daAuts
    D:10: 951 daAuts
     D:6: 739 daAuts
   Sewer: 666 daAuts
    D:11: 289 daAuts
 Abyss:2: 243 daAuts
  Temple: 37 daAuts
